 Dungeon Crawl Stone Soup version 0.20-a0-738-gb057e68 (webtiles) character file.

231304 HEYYEYAAE the Spry (level 19, -12/144 HPs)
             Began as an Octopode Fighter on Feb 23, 2017.
             Was the Champion of Okawaru.
             Mangled by a crystal guardian (39 damage)
             ... in the Desolation of Salt.
             The game lasted 01:43:19 (45839 turns).

HEYYEYAAE the Spry (Octopode Fighter)              Turns: 45839, Time: 01:43:20

Health: -12/144    AC: 10    Str: 25    XL:     19   Next: 50%
Magic:  37/41      EV: 24    Int: 14    God:    Okawaru [******]
Gold:   103        SH: 20    Dex: 14    Spells: 13/36 levels left

rFire    + + .     SeeInvis +   H - +4 falchion (elec)
rCold    + + .     Gourm    .   M - +5 shield {rC+ rF+}
rNeg     + + +     Faith    .   Q - +1 hat "Paal" {rC+ rN+ Str+5 Dex-3}
rPois    .         Spirit   .   V - amulet of regeneration
rElec    .         Reflect  .   w - +3 ring of strength
rCorr    +         Harm     .   s - +4 ring of protection
MR       ++++.                  F - +4 ring of protection
Stlth    ++++++++..             A - ring of Eheluph {rF+ MP+9}
Regen    0.8/turn               T - ring of positive energy
MPRegen  0.3/turn               b - ring of resist corrosion
                                k - ring of Yleha {rN+ MR+++ Int+3 Stlth+}
                                B - ring of see invisible

@: about to teleport, finesse
A: almost no armour, stealthy swim, amphibious, 8 rings, constrict 8, camouflage
1, blink, robust 1, gelatinous body 1
}: 1/15 runes: decaying
a: Blink, Heroism, Finesse, Renounce Religion


You were in the Desolation of Salt.
You worshipped Okawaru.
Okawaru was exalted by your worship.
You were hungry.

You visited 8 branches of the dungeon, and saw 34 of its levels.
You also visited: Desolation.

You collected 3148 gold pieces.
You spent 3045 gold pieces at shops.

Inventory:

Hand Weapons
 i - a +2 scimitar of holy wrath
 x - the +4 short sword of the Spinneret {holy, rC+, unknown}
   (You found it in the Desolation of Salt)

   It has been blessed by the Shining One to cause great damage to the undead
   and demons.
   It protects you from cold.
 E - a +2 scimitar of flaming
 H - a +4 falchion of electrocution (weapon)
 J - the +8 falchion of the Original Sin {venom, +Blink Str+8 Int-5 Dex-5}
   (You found it on level 3 of the Swamp)

   It poisons the flesh of those it strikes.
   It affects your strength (+8).
   It affects your intelligence (-5).
   It affects your dexterity (-5).
   It lets you blink.
 X - a +0 vampiric falchion
Armour
 M - a +5 shield of resistance (worn)
 N - the +1 buckler of the Forsaken Planets {rPois rC+ rCorr}
   (Okawaru gifted it to you on level 4 of the Lair of Beasts)

   It protects you from cold.
   It protects you from poison.
   It protects you from acid and corrosion.
 Q - the +1 hat "Paal" (worn) {rC+ rN+ Str+5 Dex-3}
   (Okawaru gifted it to you on level 14 of the Dungeon)

   It affects your strength (+5).
   It affects your dexterity (-3).
   It protects you from cold.
   It protects you from negative energy.
Jewellery
 b - a ring of resist corrosion (on tentacle)
 k - the ring of Yleha (on tentacle) {rN+ MR+++ Int+3 Stlth+}
   (You found it on level 13 of the Dungeon)

   [ring of intelligence]

   It affects your intelligence (+3).
   It protects you from negative energy.
   It affects your resistance to hostile enchantments.
   It makes you more stealthy.
 m - the amulet of Poguam {Spirit rF+}
   (You found it in the Desolation of Salt)

   [amulet of guardian spirit]

   It causes incoming damage to be split between your health and magic.
   It protects you from fire.
 s - a +4 ring of protection (right tentacle)
 w - a +3 ring of strength (left tentacle)
 A - the ring of Eheluph (on tentacle) {rF+ MP+9}
   (You acquired it on level 7 of the Dungeon)

   [ring of protection from fire]

   It protects you from fire.
   It affects your magic capacity (+9).
 B - a ring of see invisible (on tentacle)
 F - a +4 ring of protection (on tentacle)
 R - an uncursed ring of wizardry
 T - a ring of positive energy (on tentacle)
 V - an amulet of regeneration (around mantle)
 Z - the amulet "Qioli" {Spirit rPois MP+9 Str+3 Int-4}
   (You found it on level 1 of the Swamp)

   [amulet of guardian spirit]

   It causes incoming damage to be split between your health and magic.
   It affects your strength (+3).
   It affects your intelligence (-4).
   It protects you from poison.
   It affects your magic capacity (+9).
Wands
 r - a wand of acid (8/15)
 K - a wand of confusion (9/48)
 S - a wand of digging (0/24)
 W - a wand of paralysis (12/24)
Scrolls
 e - 2 scrolls of immolation
 h - 2 scrolls of magic mapping
 n - 2 scrolls of fog
 p - 8 scrolls of remove curse
 u - 2 scrolls of fear
 y - 4 scrolls of amnesia
 C - 2 scrolls of noise
 I - 4 scrolls of vulnerability
 P - 4 scrolls of recharging
Potions
 c - a potion of might
 g - 3 potions of magic
 l - 4 potions of brilliance
 o - 5 potions of cancellation
 v - 2 potions of curing
 z - 2 potions of ambrosia
 D - 9 potions of flight
 G - a potion of mutation
 L - 3 potions of lignification
 O - a potion of resistance
Books
 Y - Joant's Papyrus of Creative Dislocation
   (You found it in the Desolation of Salt)

   Spells                             Type                      Level
   a - Summon Butterflies             Summoning                    1
   b - Gell's Gravitas                Translocation                3
   c - Force Lance                    Conjuration/Translocation    4
   d - Summon Demon                   Summoning                    5
   e - Spellforged Servitor           Conjuration/Summoning        7
Miscellaneous
 a - a lightning rod (2/4)
 q - a phantom mirror
 U - a lamp of fire
Comestibles
 d - 15 bread rations
 f - 2 royal jellies
 t - 15 meat rations


   Skills:
 + Level 11.9 Fighting
 + Level 11.5 Long Blades
 * Level 16.2 Dodging
 + Level 15.5 Stealth
 * Level 16.1 Shields
 + Level 9.2 Spellcasting
 + Level 10.5 Translocations
 - Level 5.8 Invocations
 + Level 10.1 Evocations


You had 13 spell levels left.
You knew the following spells:

 Your Spells              Type           Power        Failure   Level  Hunger
a - Apportation           Tloc           #####.       1%          1    None
b - Swiftness             Chrm/Air       #.......     21%         2    None
c - Portal Projectile     Hex/Tloc       ###...       4%          3    ##.....
d - Shroud of Golubria    Chrm/Tloc      ###.......   1%          2    None
e - Teleport Other        Tloc           #####...     1%          3    ##.....
f - Gell's Gravitas       Tloc           #####.....   1%          3    ##.....
g - Blink                 Tloc           N/A          1%          2    None
h - Passage of Golubria   Tloc           N/A          1%          4    ####...
i - Lesser Beckoning      Tloc           #####.....   1%          3    ##.....


Dungeon Overview and Level Annotations

Branches:
Dungeon (15/15)            Temple (1/1) D:4            Lair (6/6) D:10
  Swamp (4/4) Lair:4       Spider (1/4) Lair:4        Slime (0/5) Lair:6
    Orc (2/2) D:12            Elf (1/3) Orc:2        Vaults (4/5) D:14
  Crypt (0/3) Vaults:3     Depths (0/5) D:15

Altars:
Ashenzari
Cheibriados
Dithmenos
Elyvilon
Fedhas
Gozag
Hepliaklqana
Kikubaaqudgha
Makhleb
Nemelex Xobeh
Okawaru
Qazlal
Ru
Sif Muna
Trog
Uskayaw
Vehumet
Wu Jian
Xom
Yredelemnul
Zin
The Shining One
Beogh

Shops:
D:6 %   D:7 ?[?   D:13 :   Orc:2 [=(*[   Vaults:1 *

Portals:
Trove: Elf:1 (show slimy rune of Zot)

Annotations:
Swamp:4 Sapher's ghost, journeyman TrMo


Innate Abilities, Weirdness & Mutations

You cannot wear most types of armour.
You are very stealthy in the water. (Stealth+)
You are amphibious.
You can wear up to eight rings at the same time.
You can use your tentacles to constrict eight enemies at once.
Your skin changes colour to match your surroundings (Stealth+).
Your rubbery body absorbs attacks. (AC +1, EV +1)
You can translocate small distances at will.
You are robust. (+10% HP)


Message History

* * * LOW HITPOINT WARNING * * *
Unknown command.
Unknown command.
Unknown command.
You hit the crystal guardian but do no damage.
You squeeze the crystal guardian!
The crystal guardian is almost destroyed.
The crystal guardian fires a crystalline bolt at you.
The crystal bolt burns you! You resist.
* * * LOW HITPOINT WARNING * * *
Unknown command.
Unknown command.
Unknown command.
As you read the scroll of teleportation, it crumbles to dust.
You feel strangely unstable.
The saltling hits you but does no damage.
The crystal guardian glitters, brittle, in the dim dungeon light.
You block the crystal guardian's attack.
The crystal guardian hits you!!!
You die...

*******,,,,,,,,,,***,*,,,,,,,,,,,
*******,,,,,,,,,,,,,,,,,,,,,,,,,,
*******.§§§,,,,,,,,,,,,,,,,,,,,,,
******#.§§..,,,,,,,,,,,,,,,,,,,,,
*****##.§§§§§##########,,,,,,,,,,
*****##..§§..#[..)..}.#,,,,,,,,,,
*****##§.§..§#§......§#§,,,,,,,,,
*****##.....§.§..)..§.§§,,,,,,,,,
***####........#@8..#,,,,,,,,,,,,
***####........#88..#.§§,,,,,,,,,
***####..#............§§,,,,,,,,,
***####.##...#........#§,,,,,,,,,
***####.....)#):).."..#,,,,,,,,,,
***####......##########,,,,,,,,,,
***####............,,,,,,,,,,,,,,
***####............,,,,,,,,,,,,,,
**#####............,,,,*,,,,,,,,,


You could see 2 crystal guardians and a saltling.

Vanquished Creatures
  Nikola (Swamp:2)
  Rupert (Orc:2)
  Gastronok (Lair:2)
  A thorn hunter (Swamp:4)
  Donald (Elf:1)
  A frost giant (Vaults:1)
  The ghost of Yehuk the Fighter, a journeyman HOFi of Beogh (Swamp:4)
  3 imperial myrmidons (Desolation)
  2 vault wardens (Vaults:2)
  2 stone giants (Vaults:2)
  An entropy weaver (Vaults:1)
  2 ironheart preservers
  2 halazid warlocks (Desolation)
  Snorg (Orc:2)
  A fire dragon (D:15)
  A deep elf death mage (Elf:1)
  A quicksilver dragon zombie (D:15)
  5 ragged hierophants
  4 yaktaur captains
  A crystal guardian (Desolation)
  3 servants of whispers (Desolation)
  A great orb of eyes (Vaults:3)
  6 vault guards (Vaults:2)
  6 peacekeepers (Desolation)
  3 ice dragons
  2 rakshasas
  2 ghost crabs
  29 hydras
  4 death knights
  6 two-headed ogres
  9 centaur warriors
  11 alligators
  A dancing weapon (Vaults:1)
  4 tengu warriors
  2 ogre magi (Vaults:1)
  8 orc high priests (Orc:2)
  A deep troll shaman (Vaults:3)
  A storm dragon zombie (Vaults:3)
  The ghost of nono the Grappler, a journeyman VSAM of Uskayaw (Lair:2)
  9 skeletal warriors
  A shadow wraith (Vaults:2)
  2 deep elf knights (Elf:1)
  3 deep trolls
  3 unseen horrors
  2 glowing orange brains (Vaults:2)
  A spriggan druid (Swamp:4)
  6 wizards
  2 flayed ghosts
  11 swamp dragons
  4 deep elf archers (Elf:1)
  9 ironbrand convokers
  3 necromancers
  13 deep elf magi
  2 orb spiders
  An oklob plant (Lair:5)
  4 cyclopes
  3 orc sorcerers
  4 wolf spiders
  6 orc knights
  A stone giant skeleton (Vaults:3)
  23 ugly things
  A manticore (D:12)
  A fire giant zombie (D:15)
  A fire giant skeleton (D:15)
  3 centaur zombies
  7 vault sentinels
  Joseph (D:8)
  8 black mambas
  A black mamba (shapeshifter) (Vaults:3)
  12 elephants
  3 guardian serpents (Desolation)
  11 hornets
  3 centaur skeletons
  20 spiny frogs
  3 gargoyles
  A demonic crawler (Lair:4)
  11 komodo dragons
  3 efreet
  A small abomination (Elf:1)
  7 rime drakes
  2 freezing wraiths
  14 yaktaurs
  A queen bee (D:9)
  A guardian mummy (D:15)
  10 trolls
  7 tyrant leeches
  6 polar bears
  A meliai (D:14)
  4 jumping spiders
  21 blink frogs
  Grinder (D:4)
  17 slime creatures
  5 bog bodies
  20 hippogriffs
  A stone giant simulacrum (Vaults:1)
  31 saltlings
  A fire giant simulacrum (Vaults:1)
  7 dream sheep (Lair:6)
  Sigmund (D:4)
  A human simulacrum (Vaults:3)
  A centaur simulacrum (D:14)
  9 wraiths
  3 shadows
  28 yaks
  4 wyverns
  19 spriggans
  4 redbacks
  A hog (shapeshifter) (Vaults:1)
  4 basilisks
  A water elemental (D:12)
  Eustachio (D:4)
  2 fire elementals (Orc:2)
  14 humans (D:14)
  A yak (shapeshifter) (Vaults:2)
  5 hungry ghosts
  A yaktaur simulacrum (Vaults:3)
  Menkaure (D:5)
  22 vampire mosquitoes
  10 insubstantial wisps (Swamp:3)
  8 wargs
  A soldier ant (D:14)
  An acid dragon (D:12)
  A tengu zombie (D:15)
  16 swamp worms
  2 hell hounds (Orc:2)
  Duvessa (D:4)
  14 water moccasins
  11 porcupines
  12 swamp drakes
  13 orc warriors
  3 ice beasts
  4 black bears
  2 eyes of draining (D:12)
  3 sky beasts
  12 centaurs
  5 boggarts
  3 phantoms
  4 necrophages
  22 wolves
  8 ogres
  18 crocodiles
  3 big kobolds
  16 bullfrogs
  The ghost of Nico3ck the Sneak, an amateur SpEn (D:3)
  2 wyvern skeletons
  Dowan (D:4)
  2 scorpions
  36 killer bees
  2 electric eels (D:12)
  9 howler monkeys
  7 wights
  A bullfrog zombie (D:12)
  6 crimson imps
  8 hounds
  45 orc priests
  Crazy Yiuf (D:5)
  A gnoll shaman (D:4)
  8 jellies
  A bullfrog skeleton (D:6)
  27 orc wizards
  Terence (D:3)
  Natasha (D:3)
  5 iguanas
  14 worker ants
  2 hound zombies
  2 hound skeletons
  Robin (D:3)
  10 adders
  12 gnolls
  2 howler monkey skeletons
  A river rat (Orc:2)
  5 shadow imps
  5 oozes
  2 adder skeletons
  An adder zombie (D:5)
  9 worms
  3 dart slugs
  8 leopard geckos
  124 orcs
  3 giant cockroaches
  30 goblins
  7 hobgoblins
  20 jackals
  6 quokkas
  A ball python (D:2)
  12 bats
  5 frilled lizards
  26 kobolds
  A quokka skeleton (D:8)
  8 rats
1295 creatures vanquished.

Vanquished Creatures (collateral kills)
  A blink frog (Lair:6)
1 creature vanquished.

Vanquished Creatures (others)
  A vault guard (Vaults:2)
  A spriggan (Swamp:3)
  A deep elf knight (Elf:1)
  2 hornets (Swamp:3)
  2 dream sheep (Lair:6)
  A yak (Lair:6)
  3 wolves (Lair:6)
  A centaur (D:6)
  An orc wizard (Orc:2)
  26 fungi
  21 plants
60 creatures vanquished.

Grand Total: 1356 creatures vanquished

Notes
Turn   | Place    | Note
-------+----------+-------------------------------------------
     0 | D:1      | HEYYEYAAE the Octopode Fighter began the quest for the Orb.
     0 | D:1      | Reached XP level 1. HP: 16/16 MP: 1/1
   243 | D:1      | Reached XP level 2. HP: 21/21 MP: 2/2
   870 | D:2      | Reached XP level 3. HP: 26/26 MP: 3/3
  1228 | D:2      | Reached XP level 4. HP: 13/31 MP: 4/4
  1579 | D:2      | Reached XP level 5. HP: 2/36 MP: 5/5
  2540 | D:3      | Noticed Natasha
  2610 | D:3      | Reached XP level 6. HP: 18/43 MP: 6/6
  2854 | D:3      | Noticed Terence
  2857 | D:3      | Noticed Nico3ck's ghost (amateur SpEn)
  2880 | D:3      | Killed Nico3ck's ghost
  2885 | D:3      | Killed Terence
  2900 | D:3      | Reached skill level 5 in Shields
  3123 | D:3      | Found a snail-covered altar of Cheibriados.
  3155 | D:3      | Noticed a phantom
  3200 | D:3      | Killed a phantom
  3200 | D:3      | Reached skill level 5 in Dodging
  3200 | D:3      | Reached XP level 7. HP: 8/48 MP: 7/7
  3532 | D:3      | Killed Natasha
  3532 | D:3      | Reached skill level 1 in Stealth
  4204 | D:3      | Noticed Robin
  4248 | D:3      | Killed Robin
  4366 | D:4      | Noticed Grinder
  4383 | D:4      | Killed Grinder
  4431 | D:4      | Found a shimmering altar of Xom.
  4455 | D:4      | Reached XP level 8. HP: 52/54 MP: 8/8
  4680 | D:4      | Found an ancient bone altar of Kikubaaqudgha.
  4681 | D:4      | Noticed Sigmund
  4681 | D:4      | Noticed Eustachio
  4706 | D:4      | Killed Sigmund
  4890 | D:4      | Killed Eustachio
  4996 | D:4      | Found a staircase to the Ecumenical Temple.
  5264 | D:4      | Noticed Dowan
  5266 | D:4      | Noticed Duvessa
  5271 | D:4      | Killed Dowan
  5271 | D:4      | Reached skill level 5 in Fighting
  5279 | D:4      | Killed Duvessa
  5436 | Temple   | Entered the Ecumenical Temple
  5516 | Temple   | Became a worshipper of Warmaster Okawaru
  5550 | D:5      | Entered Level 5 of the Dungeon
  5780 | D:5      | Noticed Menkaure
  5784 | D:5      | Killed Menkaure
  5784 | D:5      | Reached XP level 9. HP: 56/61 MP: 9/9
  6109 | D:5      | Found a runed door.
  6129 | D:5      | Found a shadowy altar of Dithmenos.
  6552 | D:5      | Noticed Crazy Yiuf
  6557 | D:5      | Killed Crazy Yiuf
  6719 | D:6      | Found Asytene's Food Boutique.
  6754 | D:6      | Reached * piety under Okawaru
  7004 | D:6      | Reached skill level 5 in Long Blades
  7004 | D:6      | Reached skill level 5 in Stealth
  7349 | D:7      | Found Ezisog's Magic Scroll Emporium.
  7349 | D:7      | Found Voimitt's Armour Boutique.
  7353 | D:7      | Bought 3 scrolls of identify for 78 gold pieces
  7353 | D:7      | Bought a scroll of identify for 26 gold pieces
  7501 | D:7      | Reached ** piety under Okawaru
  7625 | D:7      | Found Cigruag's Magic Scroll Emporium.
  7632 | D:7      | Bought a scroll of identify for 28 gold pieces
  7632 | D:7      | Bought a scroll of identify for 28 gold pieces
  7632 | D:7      | Bought a scroll of identify for 28 gold pieces
  7944 | D:8      | Reached XP level 10. HP: 68/68 MP: 10/10
  8142 | D:8      | Noticed Joseph
  8218 | D:8      | Learned a level 1 spell: Apportation
  8362 | D:8      | Killed Joseph
  8362 | D:8      | Reached skill level 1 in Spellcasting
  8362 | D:8      | Reached skill level 1 in Translocations
  8436 | D:8      | Reached *** piety under Okawaru
  8714 | D:10     | Entered Level 10 of the Dungeon
  9558 | D:9      | Reached **** piety under Okawaru
  9677 | D:9      | Gained mutation: You are robust. (+10% HP) [mutagenic meat]
  9678 | D:9      | Gained mutation: You can translocate small distances at will. [mutagenic meat]
  9818 | D:9      | Noticed a two-headed ogre
  9829 | D:9      | Killed a two-headed ogre
  9829 | D:9      | Reached XP level 11. HP: 81/81 MP: 14/14
 10032 | D:9      | Received a gift from Okawaru
 10391 | D:10     | Found a shimmering altar of Xom.
 10493 | D:10     | Found a staircase to the Lair.
 10507 | D:10     | Reached ***** piety under Okawaru
 11157 | D:10     | Reached skill level 10 in Dodging
 11650 | D:11     | Noticed a cyclops
 11658 | D:11     | Killed a cyclops
 11865 | D:11     | Noticed a deep elf mage
 11866 | D:11     | Noticed a wizard
 11922 | Lair:1   | Entered Level 1 of the Lair of Beasts
 11924 | Lair:1   | Reached skill level 10 in Shields
 12607 | Lair:1   | Reached XP level 12. HP: 89/89 MP: 17/17
 12767 | Lair:1   | Reached skill level 1 in Evocations
 12774 | Lair:1   | Reached skill level 1 in Invocations
 12776 | Lair:1   | Received a gift from Okawaru
 13042 | Lair:2   | Noticed a six-headed hydra
 13060 | Lair:2   | Noticed Gastronok
 13078 | Lair:2   | Killed Gastronok
 13581 | Lair:2   | Noticed nono's ghost (journeyman VSAM)
 13592 | Lair:2   | Noticed a six-headed hydra
 13781 | Lair:2   | Killed a four-headed hydra
 14094 | Lair:2   | Killed nono's ghost
 14168 | Lair:2   | Killed a four-headed hydra
 14168 | Lair:2   | Reached ****** piety under Okawaru
 14320 | Lair:2   | Reached skill level 5 in Translocations
 14387 | Lair:2   | Received a gift from Okawaru
 14738 | Lair:3   | Reached XP level 13. HP: 72/96 MP: 19/19
 14755 | Lair:3   | Learned a level 2 spell: Swiftness
 15562 | Lair:4   | Found a hole to the Spider Nest.
 15966 | Lair:4   | Received a gift from Okawaru
 15973 | Lair:4   | Got a heavily runed buckler {god gift}
 15985 | Lair:4   | Identified the +1 buckler of the Forsaken Planets {rPois rC+ rCorr} (Okawaru gifted it to you on level 4 of the Lair of Beasts)
 16096 | Lair:4   | Found a staircase to the Swamp.
 17625 | Lair:5   | Was placed under penance by Okawaru
 17629 | Lair:5   | Reached skill level 5 in Spellcasting
 17664 | Lair:5   | Noticed a stone giant
 18168 | Lair:6   | Entered Level 6 of the Lair of Beasts
 18294 | Lair:6   | Found a staircase to the Slime Pits.
 18302 | Lair:6   | Was forgiven by Okawaru
 18302 | Lair:6   | Reached skill level 10 in Stealth
 18698 | Lair:6   | Reached skill level 5 in Evocations
 18764 | Lair:6   | Reached skill level 5 in Invocations
 18771 | Lair:6   | Reached XP level 14. HP: 30/104 MP: 18/21
 18942 | Lair:6   | Received a gift from Okawaru
 21808 | Lair:5   | HP: 4/106 [elephant (16)]
 22225 | Lair:5   | Received a gift from Okawaru
 23261 | D:11     | Identified Xiuji's Volume of Plaster Cramp
 23268 | D:11     | Identified the Tome of Sand
 23299 | D:11     | Identified the Papyrus of Dhcmrlchtdj
 23913 | D:12     | Found a staircase to the Orcish Mines.
 24732 | D:12     | Received a gift from Okawaru
 25763 | D:10     | Reached XP level 15. HP: 112/112 MP: 23/23
 26136 | Orc:1    | Entered Level 1 of the Orcish Mines
 26529 | Orc:2    | Entered Level 2 of the Orcish Mines
 26529 | Orc:2    | Found Peutwusch's Antique Armour Shop.
 26529 | Orc:2    | Noticed Snorg
 26603 | Orc:2    | Killed Snorg
 27006 | Orc:2    | Noticed Sonja
 27010 | Orc:2    | Received a gift from Okawaru
 27011 | Orc:2    | Noticed Sonja
 27011 | Orc:2    | Sonja changed into Sonja the rime drake
 27015 | Orc:2    | Killed Sonja the rime drake
 27057 | Orc:2    | Found a roughly hewn altar of Beogh.
 27137 | Orc:2    | Noticed Azrael
 27143 | Orc:2    | Noticed Azrael
 27143 | Orc:2    | Azrael changed into Azrael the rakshasa
 27191 | Orc:2    | Killed Azrael the rakshasa
 27590 | Orc:2    | Found Fusiel's Antique Weapon Boutique.
 27644 | Orc:2    | Found Ewourilu's Jewellery Shoppe.
 27657 | Orc:2    | Bought an uncursed amulet of regeneration for 450 gold pieces
 27700 | Orc:2    | Noticed Rupert
 27725 | Orc:2    | Killed Rupert
 27734 | Orc:2    | Found Ironu's Assorted Antiques.
 27768 | Orc:2    | Found Lytow's Armour Boutique.
 28050 | Orc:2    | Bought a scroll of identify for 62 gold pieces
 28050 | Orc:2    | Bought a scroll of enchant armour for 232 gold pieces
 28050 | Orc:2    | Bought a runed shield for 232 gold pieces
 28072 | Orc:2    | Found a staircase to the Elven Halls.
 28417 | Orc:1    | Found a roughly hewn altar of Beogh.
 28984 | D:13     | Found Ruwy Ah Xekk's Book Shoppe.
 29383 | D:13     | Got a clouded iron ring
 29389 | D:13     | Identified the ring of Yleha {rN+ MR+++ Int+3 Stlth+} (You found it on level 13 of the Dungeon)
 29737 | D:13     | Received a gift from Okawaru
 29920 | D:14     | Found a gate to the Vaults.
 30301 | D:14     | HP: 3/113 [efreet/fireball (40)]
 30302 | D:14     | HP: 1/113 [efreet/scimitar of flaming (1)]
 30716 | D:14     | Received a gift from Okawaru
 30723 | D:14     | Got a brightly glowing hat {god gift}
 30735 | D:14     | Identified the +1 hat "Paal" {rC+ rN+ Str+5 Dex-3} (Okawaru gifted it to you on level 14 of the Dungeon)
 30899 | D:14     | Reached XP level 16. HP: 116/119 MP: 25/25
 31434 | D:7      | Bought a scroll of teleportation for 42 gold pieces
 31434 | D:7      | Bought a scroll of teleportation for 42 gold pieces
 31434 | D:7      | Bought 3 scrolls of fear for 147 gold pieces
 31464 | D:7      | Bought a scroll of teleportation for 39 gold pieces
 31464 | D:7      | Bought a scroll of teleportation for 39 gold pieces
 31464 | D:7      | Bought a scroll of fear for 45 gold pieces
 31464 | D:7      | Bought a scroll of teleportation for 39 gold pieces
 31752 | Swamp:1  | Entered Level 1 of the Swamp
 32328 | Swamp:1  | Got a fine ruby amulet
 32384 | Swamp:1  | Reached skill level 10 in Fighting
 32423 | Swamp:1  | Identified the amulet "Qioli" {Spirit rPois MP+9 Str+3 Int-4} (You found it on level 1 of the Swamp)
 33916 | Swamp:2  | Noticed Nikola
 33933 | Swamp:2  | Killed Nikola
 34417 | Swamp:3  | Reached skill level 10 in Long Blades
 34868 | Swamp:3  | Received a gift from Okawaru
 35748 | Swamp:4  | Entered Level 4 of the Swamp
 35754 | Swamp:4  | Learned a level 3 spell: Portal Projectile
 35834 | Swamp:4  | Noticed Yehuk's ghost (journeyman HOFi)
 36184 | Swamp:4  | Killed Yehuk's ghost
 36263 | Swamp:4  | Reached XP level 17. HP: 109/127 MP: 27/27
 36677 | Swamp:4  | Noticed Sapher's ghost (journeyman TrMo)
 36749 | Swamp:4  | Received a gift from Okawaru
 36857 | Swamp:4  | Got a decaying rune of Zot
 37999 | Spider:1 | Entered Level 1 of the Spider Nest
 38439 | D:15     | Entered Level 15 of the Dungeon
 38758 | D:15     | Found a staircase to the Depths.
 39419 | D:15     | Reached skill level 15 in Shields
 39646 | D:15     | Received a gift from Okawaru
 39810 | Vaults:1 | Entered Level 1 of the Vaults
 40013 | Vaults:1 | Found Voukhiull's General Store.
 40019 | Vaults:1 | Bought a scroll of identify for 32 gold pieces
 40301 | Vaults:1 | Reached skill level 15 in Dodging
 40636 | Vaults:1 | Reached XP level 18. HP: 136/136 MP: 30/30
 41225 | Vaults:1 | Learned a level 2 spell: Shroud of Golubria
 41229 | Vaults:1 | Learned a level 3 spell: Teleport Other
 41233 | Vaults:1 | Learned a level 3 spell: Gell's Gravitas
 41236 | Vaults:1 | Learned a level 2 spell: Blink
 41241 | Vaults:1 | Learned a level 4 spell: Passage of Golubria
 41245 | Vaults:1 | Learned a level 3 spell: Lesser Beckoning
 41332 | Vaults:1 | Received a gift from Okawaru
 42201 | Vaults:2 | Received a gift from Okawaru
 42597 | Vaults:2 | Reached skill level 10 in Translocations
 43448 | Vaults:3 | Reached skill level 15 in Stealth
 43601 | Vaults:3 | Received a gift from Okawaru
 43611 | Vaults:3 | Got an ichor-stained hat {god gift}
 44121 | Swamp:3  | Got a crystal falchion
 44122 | Swamp:3  | Identified the +8 falchion of the Original Sin {venom, +Blink Str+8 Int-5 Dex-5} (You found it on level 3 of the Swamp)
 44133 | Swamp:3  | Identified the -3 hat of the Sun {rC++ MR-} (Okawaru gifted it to you on level 3 of the Vaults)
 44397 | D:7      | Bought 2 scrolls of acquirement for 1456 gold pieces
 44411 | D:7      | Got a steaming silver ring
 44416 | D:7      | Identified the ring of Eheluph {rF+ MP+9} (You acquired it on level 7 of the Dungeon)
 44752 | Elf:1    | Entered Level 1 of the Elven Halls
 44780 | Elf:1    | Reached XP level 19. HP: 119/143 MP: 31/31
 44876 | Elf:1    | Noticed Donald
 44889 | Elf:1    | Killed Donald
 44955 | Elf:1    | Found a portal to a secret trove of treasure.
 44995 | Elf:1    | Found a ruined gateway.
 45018 | Desolati | Entered the Desolation of Salt
 45314 | Desolati | Reached skill level 10 in Evocations
 45333 | Desolati | Got a clouded iron ring
 45407 | Desolati | Identified the ring "Ovyloam" {+Inv Stlth+} (You found it in the Desolation of Salt)
 45412 | Desolati | Got a clouded bone amulet
 45413 | Desolati | Identified the amulet of Poguam {Spirit rF+} (You found it in the Desolation of Salt)
 45610 | Desolati | Got a scorched short sword
 45617 | Desolati | Identified Joant's Papyrus of Creative Dislocation
 45667 | Desolati | Received a gift from Okawaru
 45839 | Desolati | Mangled by a crystal guardian

Vault maps used:
D:1:      dpeg_arrival_tiny_j
D:2:      minmay_joined_circles
D:3:      kennysheep_goblin_castle, kennysheep_slug_shrine, uniq_natasha,
          uniq_terence
D:4:      old_standard_altar, old_standard_altar,
          minmay_temple_entry_purple_smoke, first_bread, uniq_sigmund,
          uniq_grinder, uniq_duvessa, uniq_eustachio
D:5:      nicolae_dithmenos_shadow_blocks, uniq_crazy_yiuf_cottage,
          uniq_menkaure
D:6:      serial_shops, nicolae_shop_window_shopping
D:7:      serial_shops, shop, nicolae_shop_crystal, nicolae_shop_waterfront,
          hex_tiny
D:8:      uniq_joseph
D:9:      david_nohive_1
D:10:     minmay_lair_entry_grove, brannock_xom_greatest_gift
D:11:     bh_hangedman_babel_library
D:12:     erik_orc_2
D:13:     serial_shops, shop, minmay_liquid_box
D:14:     david_vaults_3, minmay_misc_feat_more_columns
D:15:     gammafunk_depths_entry_grave, serial_bayou_shore_b
Temple:   compressed_dpeg_circular_temple
Lair:1:   serial_bayou_shore_b
Lair:2:   st_stairs_8, serial_bayou_pond_b, lemuel_fruit_tree,
          grunt_megastairs_2, uniq_gastronok
Lair:4:   swamp_mist_pool, nicolae_spider_entry_orb_guardian, minmay_holes,
          grunt_forest_stairs_basic
Lair:6:   minmay_lair_end_enchanted_forest, nicolae_slime_entry_slimehenge,
          minmay_lair_drake_nest
Swamp:1:  evilmike_swamp_ruin_house_3
Swamp:2:  evilmike_swamp_ruin_house_2, uniq_nikola
Swamp:3:  evilmike_swamp_ruin_house_6
Swamp:4:  swamp, swamp_pool4
Spider:1: uniq_kirke
Orc:1:    basic_altar
Orc:2:    st_orc_town, serial_shops, nicolae_shop_waterfront, uniq_azrael,
          uniq_sonja, uniq_rupert, uniq_snorg
Elf:1:    elf_arrival_001, portal_desolation_entry_salt, enter_trove_6,
          kennysheep_underground_church, uniq_donald
Vaults:1: nicolae_vaults_big_ls, v_misc_3, nicolae_vaults_network_s,
          vaults_dpeg_spiral, ontoclasm_vaults_tryst, vaults_mumra_hexcomb,
          vaults_room_pool, ontoclasm_vaults_bender, v_pattern_5, st_cross,
          nicolae_vaults_theta, nicolae_vaults_sealed_display,
          vaults_dpeg_cross, nicolae_vaults_little_squares_5, serial_shops, shop
Vaults:2: vaults_room_pool, nicolae_vaults_yaktaur_gun_rack, v_alt_pattern_5,
          nicolae_vaults_murderbox, vaults_room_grunt_arrival_checkpoint,
          hangedman_vaults_nails, hangedman_vaults_maws,
          nicolae_vaults_three_branches
Vaults:3: vaults_room_door_hall, grunt_vaults_twisty,
          nicolae_vaults_windows_and_doors_thing, nicolae_vaults_puzzle_piece,
          minmay_crypt_entry_simple_round, hangedman_vaults_corner_blocks,
          vaults_mumra_hex, ontoclasm_vaults_ring_square, v_misc_25,
          nicolae_vaults_little_squares_5, hangedman_vaults_snaps,
          nicolae_vaults_diagonal_hallway_9, serial_shops, nicolae_shop_stone
Vaults:4: ontoclasm_vaults_ligature, nicolae_vaults_stairing_the_circle,
          ontoclasm_vaults_idyll, ontoclasm_vaults_misaligned,
          nicolae_vaults_halls_meeting, nicolae_vaults_mini_display_case,
          hangedman_vaults_trim, v_misc_8, nicolae_vaults_little_squares_1,
          nicolae_vaults_little_ls, serial_shops, nicolae_shop_stone

Skill      XL: |  1  2  3  4  5  6  7  8  9 10 11 12 13 14 15 16 17 18 19 |
---------------+----------------------------------------------------------+-----
Dodging        | 4 5 6 8 9 10 11 12 13 14 15 16 | 16.2
Shields        | 4 5 6 7 8 9 10 11 12 13 14 15 16 | 16.1
Long Blades    | 3 4 5 6 7 8 9 10 11 | 11.5
Fighting       | 4 5 6 7 8 9 10 11 | 11.9
Stealth        | 2 4 5 6 8 9 10 11 12 13 14 15 | 15.5
Spellcasting   | 2 3 4 5 6 7 8 9 |  9.2
Translocations | 2 3 5 7 8 9 10 | 10.5
Evocations     | 3 5 6 7 8 9 10 | 10.1
Invocations    | 3 5 |  5.8

Action                   |  1- 3 |  4- 6 |  7- 9 | 10-12 | 13-15 | 16-18 | 19-21 || total
-------------------------+-------+-------+-------+-------+-------+-------+-------++-------
Melee: Long sword        |    64 |    30 |    14 |       |       |       |       ||   108
       Constrict         |    16 |    43 |    69 |    72 |   259 |   172 |    59 ||   690
       Tentacles         |     8 |    28 |    74 |   153 |   586 |   613 |   145 ||  1607
       Dagger            |       |   148 |   250 |       |       |       |       ||   398
       Falchion          |       |       |    24 |   498 |  1554 |  1059 |   301 ||  3436
       War axe           |       |       |       |     4 |    30 |       |       ||    34
       Punch             |       |       |       |       |    23 |    13 |    13 ||    49
       Unarmed           |       |       |       |       |     4 |       |       ||     4
       Scimitar          |       |       |       |       |       |   608 |    35 ||   643
       Double sword      |       |       |       |       |       |     1 |       ||     1
 Cast: Shroud of Golubri |       |       |       |       |       |    26 |     9 ||    35
       Gell's Gravitas   |       |       |       |       |       |     8 |       ||     8
Invok: Heroism           |       |       |       |       |    14 |    14 |     6 ||    34
       Finesse           |       |       |       |       |     3 |     4 |     3 ||    10
 Abil: Blink             |       |       |       |       |     9 |    20 |       ||    29
Evoke: Wand              |       |       |       |    10 |    62 |    19 |     4 ||    95
       Lamp of fire      |       |       |       |     1 |     3 |     3 |       ||     7
       Lightning rod     |       |       |       |       |     9 |     1 |       ||    10
  Use: Potion            |       |     5 |       |     1 |     6 |    10 |     4 ||    26
       Scroll            |       |     1 |    20 |     2 |    23 |    33 |     3 ||    82
 Stab: Sleeping          |     8 |     5 |    16 |    26 |    41 |    30 |     6 ||   132
       Distracted        |       |     3 |     3 |     1 |     9 |    12 |       ||    28
       Confused          |       |       |       |     3 |     8 |     5 |       ||    16
       Betrayed ally     |       |       |       |       |     1 |       |       ||     1
       Paralysed         |       |       |       |       |     7 |       |       ||     7
       Invisible         |       |       |       |       |     4 |       |       ||     4
  Eat: Chunk             |     1 |     6 |    15 |    23 |    40 |    26 |       ||   111
       Fruit             |       |       |       |     3 |    10 |     1 |       ||    14
       Meat ration       |       |       |       |       |     1 |       |       ||     1
       Bread ration      |       |       |       |       |     1 |       |       ||     1
       Royal jelly       |       |       |       |       |       |    11 |     2 ||    13
Armor: Skin              |     5 |     6 |    16 |    75 |   183 |   186 |    15 ||   486
Dodge: Dodged            |    17 |    72 |    83 |   287 |  1083 |   965 |   107 ||  2614
Block: Shield            |    24 |    63 |   111 |   325 |    63 |   593 |   234 ||  1413
       Reflection        |       |       |     5 |     4 |     9 |       |       ||    18
       Buckler           |       |       |       |       |   653 |   376 |       ||  1029
       Rpst.: Long sword |     5 |     5 |     1 |       |       |       |       ||    11
       Falchion          |       |       |     2 |    77 |   277 |    76 |    21 ||   453
       Scimitar          |       |       |       |       |       |    93 |       ||    93
